[Event "Late-Titled-Tuesday-Blitz-June-18-2024"]
[Site "Chess.com"]
[Date "2024.06.18"]
[Round "9"]
[White "ChessSG1"]
[Black "dennisodessa"]
[Result "0-1"]
[WhiteElo "2502"]
[BlackElo "2628"]
[TimeControl "180+1"]
[EndTime "15:43:29 PDT"]
[Termination "dennisodessa won by resignation"]

1. c4 e5 2. g3 Nc6 3. Bg2 Bc5 4.
Nc3 d6 5. a3 a6 6. e3 Ba7 7. Nge2 h5 8. h3 h4 9. g4 f5 10. gxf5 Bxf5 11. d3 Nf6 12. b4 Qd7 13. Bb2 g5 14. Qd2 g4 15. hxg4 Bxg4 16. Nd5 Nxd5 17.
cxd5 Ne7 18. O-O-O h3 19. f3 O-O-O 20. fxg4 hxg2 21.
Rxh8 Rxh8 22. Nf4 exf4 23. exf4 Rh2 24. Rg1 Bxg1 0-1

[Event "Late-Titled-Tuesday-Blitz-June-18-2024"]
[Site "Chess.com"]
[Date "2024.06.18"]
[Round "9"]
[White "EmmaChess"]
[Black "js20000"]
[Result "0-1"]
[WhiteElo "2651"]
[BlackElo "2816"]
[TimeControl "180+1"]
[EndTime "15:43:30 PDT"]
[Termination "js20000 won by resignation"]

1. Nf3 d5 2. g3 Nd7 3. Bg2 e5 4. d3 Ngf6 5. O-O c6 6. e4 Bd6 7. exd5 cxd5 8. c4 O-O 9. Nc3 d4 10. Nb5 Be7 11. Re1 a6 12. Na3 Bb4 13. Bd2 Bxa3 14.
bxa3 Re8 15. Bb4 Qc7 16. a4 a5 17. Ba3 Nc5 18. Rb1 Bf5 19. Bxc5 Qxc5 20. Rb5 Qa3 21.
Nxe5 Qxa2 22. Bxb7 Rad8 23. Nxf7 Bg4 24. f3 Bh3 25. f4 Ng4 26. Nh6+ gxh6 27. Bd5+ Kh8 0-1

[Event "Late-Titled-Tuesday-Blitz-June-18-2024"]
[Site "Chess.com"]
[Date "2024.06.18"]
[Round "9"]
[White "nitpicker"]
[Black "tgpgoat"]
[Result "0-1"]
[WhiteElo "2349"]
[BlackElo "2514"]
[TimeControl "180+1"]
[EndTime "15:43:32 PDT"]
[Termination "tgpgoat won by checkmate"]

1. d4 Nf6 2. c4 c5 3. d5 b5 4. cxb5 a6 5. e3 axb5 6. Bxb5 Qa5+ 7. Nc3 Ne4 8. Ne2 Nxc3 9. Nxc3 g6 10. a4 Bg7 11. Bd2 Qc7 12. O-O O-O 13. e4 d6 14.
Be3 Ba6 15. Qd2 Bxb5 16. axb5 Nd7 17. Bh6 Ne5 18. Bxg7 Kxg7 19. f4 Nd7 20. Ra6 Rxa6 21. bxa6 Qb6 22. Ra1 Ra8 23. Qe2 c4+ 24. Kf1 Rxa6 25.
Rxa6 Qxa6 26. e5 Nc5 27. exd6 exd6 28. f5 Nd3 29. f6+ Kxf6 30. Ne4+ Kg7 31. Qf3 Qa1+ 32. Ke2 Qe1# 0-1

[Event "Late-Titled-Tuesday-Blitz-June-18-2024"]
[Site "Chess.com"]
[Date "2024.06.18"]
[Round "9"]
[White "tactic"]
[Black "dropstoneDP"]
[Result "0-1"]
[WhiteElo "2756"]
[BlackElo "2976"]
[TimeControl "180+1"]
[EndTime "15:43:43 PDT"]
[Termination "dropstoneDP won by resignation"]

1. e4 e5 2. Nf3 Nf6 3. d4 Nxe4 4. Nxe5 d6 5. Nf3 d5 6. Bd3 Bf5 7. O-O Be7 8. Nc3 O-O 9. Re1 Nxc3 10. bxc3 Bxd3 11. cxd3 Nd7 12. Bf4 Nb6 13. Ne5 Bd6 14.
Qf3 Qc8 15. Bg3 f6 16. Ng4 Qd7 17. Ne3 Rae8 18. Nxd5 Bxg3 19. Nxb6 Bxf2+ 20. Kxf2 axb6 21. Qxb7 Ra8 22. Re2 Ra3 23. Rc1 Rxc3 24. Rxc3 Qxd4+ 25. Kf1 Qxc3 26. Qd5+ Kh8 27. Qf7 Qc1+ 28. Kf2 Qf4+ 29. Kg1 Qc1+ 30. Kf2 Qc5+ 31. d4 Qxd4+ 32. Kf1 Qd1+ 33.
Kf2 Qxe2+ 0-1

[Event "Late-Titled-Tuesday-Blitz-June-18-2024"]
[Site "Chess.com"]
[Date "2024.06.18"]
[Round "9"]
[White "KorolDimitriy75"]
[Black "Boudicca64"]
[Result "1-0"]
[WhiteElo "2442"]
[BlackElo "1904"]
[TimeControl "180+1"]
[EndTime "15:43:58 PDT"]
[Termination "KorolDimitriy75 won on time"]

1. d4 Nf6 2. c4 g6 3. Nc3 Bg7 4. e4 d6 5. Nf3 O-O 6. Be2 e5 7. dxe5 dxe5 8. Qxd8 Rxd8 9. Bg5 Re8 10. O-O-O c6 11.
Nxe5 Rxe5 12. Rd8+ Re8 13. Bxf6 Rxd8 14. Bxd8 Be6 15.
Kc2 Nd7 16. Be7 Re8 17. Bd6 Ne5 18. b3 Rd8 19. Rd1 Nd7 20. f4 b6 21. Bf3 Bxc3 22. Kxc3 Nc5 23. Bxc5 Rxd1 24. Bxd1 bxc5 25. b4 cxb4+ 26. Kxb4 Kf8 27. Kc5 Ke7 28. e5 Kd7 29. Bf3 Kc7 30. Bxc6 Bxc4 31. Kxc4 Kxc6 32. g4 h5 33. gxh5 gxh5 34. f5 h4 35. h3 1-0

[Event "Late-Titled-Tuesday-Blitz-June-18-2024"]
[Site "Chess.com"]
[Date "2024.06.18"]
[Round "9"]
[White "hoshiboshi"]
[Black "JanistanTV"]
[Result "0-1"]
[WhiteElo "2278"]
[BlackElo "2741"]
[TimeControl "180+1"]
[EndTime "15:44:09 PDT"]
[Termination "JanistanTV won on time"]

1. e4 c5 2. Nf3 e6 3. d4 cxd4 4. Nxd4 Nc6 5. Nc3 Nf6 6. Nxc6 bxc6 7. e5 Nd5 8. Ne4 Qc7 9. f4 Qb6 10. c4 Ne3 11. Qd3 Bb4+ 12. Bd2 Ba6 13. b3 O-O 14. Bxb4 Qxb4+ 15. Kf2 Nd5 16. g3 Qb6+ 17. Kf3 f6 18. exf6 Nxf6 19. Nxf6+ Rxf6 20. Re1 d5 21. Qe3 Bb7 22.
c5 Qa5 23. Bh3 Re8 24. Rhf1 e5 25. Kg2 d4 26. Qc1 Ba6 27. Rf2 e4 28. Bd7 Re7 0-1

[Event "Late-Titled-Tuesday-Blitz-June-18-2024"]
[Site "Chess.com"]
[Date "2024.06.18"]
[Round "9"]
[White "JAN2404"]
[Black "ploxoi"]
[Result "0-1"]
[WhiteElo "2093"]
[BlackElo "2493"]
[TimeControl "180+1"]
[EndTime "15:44:13 PDT"]
[Termination "ploxoi won by checkmate"]

1. e4 c6 2. d4 d5 3. e5 c5 4. c3 Nc6 5. Nf3 Bg4 6. Be2 e6 7.
Be3 Nge7 8. O-O Nf5 9. dxc5 Nxe3 10. fxe3 Bxc5 11. Nd4 Bxe2 12. Qxe2 Nxe5 13. Qb5+ Nd7 14. Qxb7 Rb8 15. Qa6 Rxb2 16. Na3 O-O 17. Nac2 e5 18. Nc6 Qg5 19. Rf2 Bxe3 20. Nxe3 Qxe3 21. Rf1 Rxf2 22. Rxf2 Qxc3 23. Ne7+ Kh8 24. Qxa7 Nc5 25. Nxd5 Qd4 26. Qe7 Rb8 27. Qxf7 Rb1# 0-1

[Event "Late-Titled-Tuesday-Blitz-June-18-2024"]
[Site "Chess.com"]
[Date "2024.06.18"]
[Round "9"]
[White "Meri-Arabidze"]
[Black "FairChess_on_YouTube"]
[Result "0-1"]
[WhiteElo "2688"]
[BlackElo "3083"]
[TimeControl "180+1"]
[EndTime "15:44:14 PDT"]
[Termination "FairChess_on_YouTube won on time"]

1. d4 f5 2. Bg5 c6 3. Nc3 d5 4. e3 Qb6 5. Qc1 Nd7 6. Nf3 g6 7. h4 Ngf6 8. Be2 Bg7 9. Nd2 e5 10. dxe5 Nxe5 11. h5 gxh5 12. Nf3 Nxf3+ 13. Bxf3 Be6 14.
a4 Qb4 15. Rh4 Ne4 16. Bxh5+ Kd7 17. Kf1 Raf8 18. Kg1 Rhg8 19. Nxe4 fxe4 20. c3 Qd6 21. Bf4 Be5 22. Bxe5 Qxe5 23. Be2 Rxg2+ 24. Kxg2 Qg5+ 25. Bg4 Qxh4 26. Bxe6+ Kxe6 27. Qe1 Qh5 28. Kf1 Qf3 29. a5 Rf6 30. a6 Rh6 0-1

[Event "Late-Titled-Tuesday-Blitz-June-18-2024"]
[Site "Chess.com"]
[Date "2024.06.18"]
[Round "9"]
[White "Rainbow2014"]
[Black "gabduschew"]
[Result "1-0"]
[WhiteElo "2507"]
[BlackElo "2372"]
[TimeControl "180+1"]
[EndTime "15:44:20 PDT"]
[Termination "Rainbow2014 won by resignation"]

1. e4 c5 2. Nf3 d6 3. d4 cxd4 4.
Nxd4 Nf6 5. Nc3 a6 6. Bg5 Nbd7 7. Qe2 Qa5 8. f4 h6 9. Bxf6 Nxf6 10. O-O-O e5 11. Nf5 Qc7 12. g3 g6 13. Ne3 Be6 14.
f5 gxf5 15. exf5 Bd7 16. Ned5 Nxd5 17. Nxd5 Qa5 18. Nf6+ Ke7 19. Nxd7 Kxd7 20. Qc4 Ke8 21. Bg2 Qb6 22. Bd5 Rh7 23. f6 h5 24. Rhf1 Bh6+ 25.
Kb1 Be3 26. Rf5 Bd4 27. c3 Bc5 28. Rxh5 Rxh5 29. Bxf7+ Kd7 30. Bxh5 Kc7 31. f7 Rf8 32.
Qe6 Qc6 33. Qe7+ 1-0

[Event "Late-Titled-Tuesday-Blitz-June-18-2024"]
[Site "Chess.com"]
[Date "2024.06.18"]
[Round "9"]
[White "monomita"]
[Black "rdarruda"]
[Result "1-0"]
[WhiteElo "2758"]
[BlackElo "2561"]
[TimeControl "180+1"]
[EndTime "15:44:21 PDT"]
[Termination "monomita won by resignation"]

1. d4 Nf6 2. Nc3 d5 3. Bf4 c6 4.
e3 g6 5. h4 Bg7 6. Bd3 h5 7.
Nf3 Bg4 8. Ne2 Nbd7 9. Ne5 Bxe2 10. Qxe2 Nxe5 11. Bxe5 Qb6 12. O-O-O O-O-O 13. f3 Ne8 14. Bf4 Nd6 15. g4 Rde8 16. Qg2 e5 17. Bh2 Re6 18. c3 e4 19. fxe4 Nxe4 20. gxh5 Rxh5 21. Be2 Rxh4 22. Bg4 f5 23. Bxf5 gxf5 24. Qxg7 Nd6 25. Qf8+ Qd8 26. Bxd6 Rxh1 27. Rxh1 Rxd6 28. Qxf5+ Kc7 29.
Rh7+ Kb6 30. c4 Rf6 31. c5+ Ka6 32. Qd3+ b5 33. Qa3+ Qa5 34. Rxa7+ 1-0

[Event "Late-Titled-Tuesday-Blitz-June-18-2024"]
[Site "Chess.com"]
[Date "2024.06.18"]
[Round "9"]
[White "talaicito"]
[Black "sansanathalia"]
[Result "1-0"]
[WhiteElo "2324"]
[BlackElo "2430"]
[TimeControl "180+1"]
[EndTime "15:44:24 PDT"]
[Termination "talaicito won on time"]

1. d4 Nf6 2. Nc3 d5 3. Bf4 e6 4.
e3 Bd6 5. Nf3 O-O 6. Bd3 c6 7.
O-O Bxf4 8. exf4 Nbd7 9. Re1 b6 10. Ne5 Bb7 11. Qf3 c5 12. dxc5 bxc5 13. Rad1 Rb8 14.
Qh3 h6 15. g4 c4 16. Bxc4 dxc4 17. g5 hxg5 18. fxg5 Nd5 19. g6 Qg5+ 20. Kf1 fxg6 21. Qxe6+ Kh7 22. Nxd5 Nxe5 23. Rxe5 Qh4 24. Re3 Rbe8 25.
Qh3 Qxh3+ 26. Rxh3+ Kg8 27. Rh4 Rd8 28. Rhd4 1-0

[Event "Late-Titled-Tuesday-Blitz-June-18-2024"]
[Site "Chess.com"]
[Date "2024.06.18"]
[Round "9"]
[White "Gyulamiryan-koryun"]
[Black "OIAM03"]
[Result "1-0"]
[WhiteElo "1676"]
[BlackElo "2014"]
[TimeControl "180+1"]
[EndTime "15:44:27 PDT"]
[Termination "Gyulamiryan-koryun won on time"]

1. e4 c5 2. Nf3 d6 3. d4 cxd4 4. Nxd4 Nf6 5. Nc3 a6 6. Be3 e5 7. Nb3 Be6 8. Qd2 Be7 9. O-O-O b5 10. f3 O-O 11. g4 Nfd7 12. Nd5 Nc6 13. Nxe7+ Qxe7 14. Qxd6 Qxd6 15. Rxd6 Rfc8 16. h4 Nb4 17. Kb1 Nxc2 18.
Bf2 Nb4 19. Bd3 Nxd3 20. Rxd3 a5 21. Rhd1 a4 22. Na1 Nf6 23. Rd6 g6 24. Bb6 b4 25.
Rd8+ Rxd8 26. Rxd8+ Rxd8 27. Bxd8 Nd7 28. Be7 Kg7 29. Bxb4 1-0

[Event "Late-Titled-Tuesday-Blitz-June-18-2024"]
[Site "Chess.com"]
[Date "2024.06.18"]
[Round "9"]
[White "Bugcrusher"]
[Black "aot317"]
[Result "0-1"]
[WhiteElo "2402"]
[BlackElo "2553"]
[TimeControl "180+1"]
[EndTime "15:44:35 PDT"]
[Termination "aot317 won by checkmate"]

1. d4 Nf6 2. c4 e6 3. Nf3 d5 4. Nc3 Bb4 5. Qa4+ Nc6 6. e3 O-O 7. Qc2 Ne4 8. Bd3 f5 9. O-O Bxc3 10. bxc3 Bd7 11. Ba3 Re8 12. cxd5 exd5 13. c4 Be6 14.
Rab1 Na5 15. cxd5 Bxd5 16. Ne5 c6 17. Bb4 b5 18. Bxa5 Qxa5 19. Nxc6 Bxc6 20. Qxc6 Nd2 21. Rxb5 Qa3 22. Bc4+ Kh8 23. Bf7 Rec8 24. Qd7 Qc1 25. h4 Qxf1+ 26. Kh2 Qxf2 27. Kh3 Qxe3+ 28. g3 Ne4 29.
Qxf5 Qxg3# 0-1

[Event "Late-Titled-Tuesday-Blitz-June-18-2024"]
[Site "Chess.com"]
[Date "2024.06.18"]
[Round "9"]
[White "pompey831"]
[Black "micke12a"]
[Result "0-1"]
[WhiteElo "2511"]
[BlackElo "2411"]
[TimeControl "180+1"]
[EndTime "15:44:36 PDT"]
[Termination "micke12a won by resignation"]

1. d4 Nf6 2. c4 g6 3. Nc3 d5 4.
cxd5 Nxd5 5. e4 Nxc3 6. bxc3 Bg7 7. Bc4 c5 8. Ne2 Nc6 9. Be3 O-O 10. h4 cxd4 11. cxd4 Qa5+ 12. Kf1 Bd7 13. h5 Rac8 14.
Rc1 Nb4 15. Bb3 Rxc1 16. Qxc1 Rc8 17. Qb1 Bb5 18. h6 Bd3 19. Qe1 Bh8 20. e5 Qb5 21.
a4 Qb6 22. d5 Bxe2+ 23. Qxe2 Qa5 24. Bd2 Qc5 25. Qe4 Nc2 26. Rh3 Qd4 27. Bxc2 Qxd2 0-1

[Event "Late-Titled-Tuesday-Blitz-June-18-2024"]
[Site "Chess.com"]
[Date "2024.06.18"]
[Round "9"]
[White "IMRosen"]
[Black "GHANDEEVAM2003"]
[Result "0-1"]
[WhiteElo "2758"]
[BlackElo "2990"]
[TimeControl "180+1"]
[EndTime "15:44:37 PDT"]
[Termination "GHANDEEVAM2003 won by checkmate"]

1. e4 c6 2. d4 d5 3. exd5 cxd5 4. Bd3 Nc6 5. c3 g6 6. Nd2 Bf5 7. Bxf5 gxf5 8. Ne2 Nf6 9. Nf3 Rg8 10. O-O Ne4 11.
Bf4 e6 12. Nc1 Bd6 13. Bxd6 Qxd6 14. Nd3 f6 15. Qc1 O-O-O 16. Qf4 Qe7 17. a4 Rg4 18. Qh6 Rdg8 19. g3 R8g6 20. Qe3 e5 21. dxe5 fxe5 22.
Nb4 f4 23. Nxc6 bxc6 24. Qe2 fxg3 25. fxg3 Qg7 26. Qa6+ Kb8 27. Kh1 Rxg3 28. hxg3 Nxg3+ 29. Kg2 Ne4+ 30. Kh1 Qh6+ 31. Nh2 Ng3+ 32. Kg2 Nxf1+ 33.
Kh1 Qxh2# 0-1

[Event "Late-Titled-Tuesday-Blitz-June-18-2024"]
[Site "Chess.com"]
[Date "2024.06.18"]
[Round "9"]
[White "Orest_Vovk"]
[Black "KNVB"]
[Result "1-0"]
[WhiteElo "2578"]
[BlackElo "2762"]
[TimeControl "180+1"]
[EndTime "15:44:38 PDT"]
[Termination "Orest_Vovk won on time"]

1. h4 e5 2. h5 Ke7 3. d4 exd4 4. Nf3 d5 5. Nxd4 c5 6. Nf3 h6 7. e4 dxe4 8. Qxd8+ Kxd8 9. Ne5 Be6 10. Nc3 Nf6 11.
Bf4 Nbd7 12. O-O-O Kc8 13. Nxd7 Bxd7 14. Bc4 Bg4 15.
Bxf7 Bxd1 16. Rxd1 b6 17. Nd5 Nxd5 18. Bxd5 Rb8 19.
Be6+ Kb7 20. Rd7+ Kc8 21. Rxa7+ Kd8 22. Bxb8 Be7 23. Bc7+ Ke8 24. Ra8+ Bd8 25. Bxd8 1-0

[Event "Late-Titled-Tuesday-Blitz-June-18-2024"]
[Site "Chess.com"]
[Date "2024.06.18"]
[Round "9"]
[White "Zampronha1971"]
[Black "malakismayil"]
[Result "1-0"]
[WhiteElo "2425"]
[BlackElo "2542"]
[TimeControl "180+1"]
[EndTime "15:44:41 PDT"]
[Termination "Zampronha1971 won on time"]

1. e4 e5 2. Nf3 Nc6 3. d4 exd4 4. Nxd4 Bc5 5. Be3 Qf6 6. c3 Nge7 7. Bc4 O-O 8. O-O b6 9. Nb5 Bxe3 10. Nxc7 Bf4 11.
Nxa8 Bb7 12. Nxb6 axb6 13. Qxd7 Bc8 14. Qd1 Rd8 15. Qe2 Ne5 16. g3 Nxc4 17. Qxc4 b5 18.
Qe2 Bd6 19. Nd2 Bh3 20. Rfe1 Bc5 21. Nf1 Ng6 22. Ne3 Ne5 23. Red1 Re8 24. Kh1 Nf3 25. Rd5 Bb6 26. Rxb5 Bxe3 27. Qxe3 h6 28. Qf4 Qc6 29. a4 1-0

[Event "Late-Titled-Tuesday-Blitz-June-18-2024"]
[Site "Chess.com"]
[Date "2024.06.18"]
[Round "9"]
[White "RZ0"]
[Black "yaguigor"]
[Result "1-0"]
[WhiteElo "2562"]
[BlackElo "2633"]
[TimeControl "180+1"]
[EndTime "15:44:44 PDT"]
[Termination "RZ0 won by checkmate"]

1. d4 d5 2. c4 c6 3. Nc3 Nf6 4. Nf3 e6 5. Bg5 dxc4 6. e4 b5 7. e5 h6 8. Bh4 g5 9. Nxg5 hxg5 10. Bxg5 Nbd7 11. g3 Qb6 12. exf6 Bb7 13. Bg2 O-O-O 14. O-O c5 15. d5 b4 16. Na4 Qb5 17. a3 Nb8 18. axb4 cxb4 19. Qe2 Bxd5 20. Bxd5 exd5 21.
b3 Nc6 22. Bf4 Nd4 23. Qe3 Nc6 24. bxc4 dxc4 25. Rfc1 Kb7 26. Qe4 Rd4 27. Qe8 Qd5 28. Nc3 Qd7 29. Qe3 Rd3 30. Qe4 Rxc3 31. Rxc3 bxc3 32.
Rb1+ Ka8 33. Rb8# 1-0

[Event "Late-Titled-Tuesday-Blitz-June-18-2024"]
[Site "Chess.com"]
[Date "2024.06.18"]
[Round "9"]
[White "nindjaxx8"]
[Black "temus_galaktionov"]
[Result "1/2-1/2"]
[WhiteElo "2734"]
[BlackElo "2871"]
[TimeControl "180+1"]
[EndTime "15:44:45 PDT"]
[Termination "Game drawn by repetition"]

1. d4 c6 2. c4 g6 3. Nc3 d6 4. Nf3 Bg7 5. Bf4 Nd7 6. e3 e5 7. dxe5 dxe5 8. Bg3 Qe7 9. Be2 Ngf6 10. O-O O-O 11. Qc2 Nh5 12. Rad1 Nxg3 13. hxg3 a5 14. Na4 Nc5 15. Nxc5 Qxc5 16. Nd2 Bf5 17. Bd3 Bg4 18. Ne4 Qe7 19. Rd2 f5 20. Nc3 e4 21. Be2 Bxe2 22. Nxe2 Rfd8 23. Rfd1 Bf6 24. b3 Rxd2 25. Rxd2 Rd8 26.
Nf4 Kf7 27. Rxd8 Qxd8 28. c5 Ke7 29. Qc4 Qc8 30. Qa4 g5 31. Ne2 Qd8 32. Nd4 Bxd4 33. exd4 Ke6 34. Qc4+ Qd5 35. Qc3 f4 36. gxf4 gxf4 37.
Qh3+ Qf5 38. Qh6+ Qf6 39. Qh3+ Qf5 40. Qh6+ Qf6 41. Qh3+ Qf5 1/2-1/2

[Event "Late-Titled-Tuesday-Blitz-June-18-2024"]
[Site "Chess.com"]
[Date "2024.06.18"]
[Round "9"]
[White "rionelG"]
[Black "WindWhistler11"]
[Result "1-0"]
[WhiteElo "2361"]
[BlackElo "2493"]
[TimeControl "180+1"]
[EndTime "15:44:49 PDT"]
[Termination "rionelG won on time"]

1. e4 e6 2. d3 d6 3. g3 Nf6 4. Bg2 Be7 5. Nf3 O-O 6. O-O c5 7. Re1 Nc6 8. c3 Qc7 9. d4 b6 10. d5 Na5 11. dxe6 fxe6 12. e5 Nd5 13. exd6 Bxd6 14. Ng5 Rb8 15. Nxe6 Bxe6 16. Rxe6 Qf7 17. Bxd5 Qxf2+ 18. Kh1 Kh8 19. Rxd6 Rbe8 20. Re6 Rd8 21.
c4 Nxc4 22. Nc3 Nxb2 23. Bxb2 Qxb2 24. Qe1 h6 25. Rd1 Qc2 26. Qd2 1-0

[Event "Late-Titled-Tuesday-Blitz-June-18-2024"]
[Site "Chess.com"]
[Date "2024.06.18"]
[Round "9"]
[White "Smiechu"]
[Black "pinelone"]
[Result "1-0"]
[WhiteElo "2338"]
[BlackElo "2437"]
[TimeControl "180+1"]
[EndTime "15:44:49 PDT"]
[Termination "Smiechu won on time"]

1. e4 c6 2. d4 d5 3. f3 Qb6 4. Nc3 dxe4 5. fxe4 e5 6. Nf3 exd4 7. Nxd4 Nf6 8. Bc4 Bc5 9. Nb3 Bb4 10. e5 Ng4 11. Qf3 Nxe5 12. Qe2 Nd7 13. Be3 Qc7 14. O-O-O Bxc3 15. bxc3 O-O 16. Bf4 Nd3+ 17. Bxd3 Qxf4+ 18. Kb2 Nb6 19. Rhf1 Qh6 20. Nd4 Na4+ 21. Kb3 Nc5+ 22. Kb2 Be6 23. Nxe6 fxe6 24. Bc4 b5 25. Bb3 Na4+ 26.
Bxa4 bxa4 27. Rxf8+ Rxf8 28. Rd6 Qxh2 29. Qxe6+ Kh8 30.
Rxc6 Qb8+ 31. Ka3 Re8 32. Qd6 Qxd6+ 33. Rxd6 h6 34. Kxa4 Re2 35. Kb3 Rxg2 36. c4 h5 37.
c5 Rg1 38. c6 1-0

[Event "Late-Titled-Tuesday-Blitz-June-18-2024"]
[Site "Chess.com"]
[Date "2024.06.18"]
[Round "9"]
[White "xasid81"]
[Black "GothamChess"]
[Result "0-1"]
[WhiteElo "2574"]
[BlackElo "2727"]
[TimeControl "180+1"]
[EndTime "15:44:51 PDT"]
[Termination "GothamChess won by resignation"]

1. d4 d5 2. Nf3 Nf6 3. Bf4 e6 4. c3 c5 5. e3 Nc6 6. Nbd2 Be7 7. Bd3 Nh5 8. Bg3 g6 9. Qe2 Bd7 10. dxc5 Nxg3 11. hxg3 Bxc5 12. e4 Qe7 13. Nb3 Bb6 14. exd5 exd5 15. Qxe7+ Kxe7 16. O-O-O Bxf2 17. Kc2 Bxg3 18.
Bb5 Be6 19. Nc5 Nd8 20. Nd4 Rc8 21. Ncxe6 fxe6 22. Bd3 Be5 23. Nf3 Bf6 24. Rde1 Nf7 25. Kb1 Rc6 26. Re2 a6 27. g4 b5 28. Reh2 e5 29. Bc2 e4 30. Nd2 Ng5 31. Bb3 Rd6 32. Rd1 h5 33. Rdh1 Be5 34. Re2 h4 35. Nf1 h3 36.
Ne3 Rhd8 37. Rd2 d4 38. cxd4 Rxd4 39. Re2 h2 40. Nf1 Nf3 41. Bc2 Kf6 42. a3 Nd2+ 43. Nxd2 Rxd2 44. Rxd2 Rxd2 45. Bxe4 Re2 46. Bb7 Rxb2+ 47.
Kc1 Ra2 0-1

[Event "Late-Titled-Tuesday-Blitz-June-18-2024"]
[Site "Chess.com"]
[Date "2024.06.18"]
[Round "9"]
[White "reevecanada"]
[Black "DanylaBagrov"]
[Result "0-1"]
[WhiteElo "2616"]
[BlackElo "2539"]
[TimeControl "180+1"]
[EndTime "15:44:51 PDT"]
[Termination "DanylaBagrov won on time"]

1. Nf3 d6 2. d4 Nf6 3. Nc3 Nbd7 4. e4 e5 5. Bg5 Be7 6. Bc4 O-O 7. O-O c6 8. dxe5 Nxe5 9. Nxe5 dxe5 10. Qxd8 Rxd8 11.
Rad1 Rxd1 12. Rxd1 b5 13. Bb3 h6 14. Bxf6 gxf6 15.
f3 Kf8 16. g4 Ke8 17. Ne2 Be6 18. Ng3 a5 19. Bxe6 fxe6 20. Kg2 a4 21. Kh3 a3 22. b3 c5 23. Kh4 c4 24. Kh5 cxb3 25.
cxb3 Rc8 0-1

[Event "Late-Titled-Tuesday-Blitz-June-18-2024"]
[Site "Chess.com"]
[Date "2024.06.18"]
[Round "9"]
[White "Kaustubh_Kodihalli"]
[Black "GlavkonVVS"]
[Result "0-1"]
[WhiteElo "2385"]
[BlackElo "2534"]
[TimeControl "180+1"]
[EndTime "15:44:51 PDT"]
[Termination "GlavkonVVS won by resignation"]

1. e4 Nf6 2. e5 Nd5 3. d4 d6 4.
c4 Nb6 5. exd6 cxd6 6. Nc3 g6 7.
Be3 Bg7 8. Rc1 O-O 9. Nf3 Bg4 10.
b3 d5 11. c5 Nc8 12. Be2 Nc6 13. h3 Bxf3 14. Bxf3 e6 15. O-O N8e7 16. a3 Nf5 17. Ne2 Qh4 18. Bg4 Nxe3 19. fxe3 h5 20. Bf3 Rad8 21.
b4 e5 22. b5 Ne7 23. dxe5 Bxe5 24. c6 bxc6 25. bxc6 Qg5 26. Qd3 Bc7 27. Kh1 Nf5 28.
Rc3 Rfe8 29. Kg1 Rxe3 30. Qd2 Bb6 31. Kh2 d4 32. c7 Rc8 33. Rc6 Rxc7 34. Rxc7 Bxc7+ 35. Kg1 Bb6 36. Kh2 d3 37. Nc3 Qg3+ 38. Kh1 Bc7 39.
Kg1 Bb6 40. Kh1 Qe5 41. Nd1 Ng3+ 42. Kg1 Re2+ 0-1

[Event "Late-Titled-Tuesday-Blitz-June-18-2024"]
[Site "Chess.com"]
[Date "2024.06.18"]
[Round "9"]
[White "JunjiCol"]
[Black "vesalhamedinia"]
[Result "1-0"]
[WhiteElo "2362"]
[BlackElo "2485"]
[TimeControl "180+1"]
[EndTime "15:44:52 PDT"]
[Termination "JunjiCol won by resignation"]

1. e4 c5 2. Nf3 Nc6 3. c3 d5 4.
exd5 Qxd5 5. Na3 Nf6 6. Nb5 Qd8 7. d4 cxd4 8. Nbxd4 Bd7 9. Bc4 e6 10. O-O Bc5 11. Bf4 a6 12. b4 Bxd4 13. Nxd4 O-O 14. Nb3 e5 15. Be3 b5 16. Be2 Be6 17. Nc5 Bd5 18. Bf3 e4 19. Be2 Ne5 20. a4 Nc4 21.
Qc2 Nxe3 22. fxe3 Qb6 23. a5 Qd6 24. Rad1 Qe5 25. Rd4 Rfd8 26. Qd2 Rdc8 27. Rxf6 Qxf6 28. Rxd5 h6 29. Nxe4 Qe6 30. Nc5 Qf6 31. Bf3 Rd8 32. Rd7 Rac8 33. Bb7 Rb8 34. Bxa6 Rxd7 35. Nxd7 Qd8 36.
Qd6 Ra8 37. Bb7 Ra7 38. Bc6 Qg5 39. Qb8+ Kh7 40. Nf8+ Kg8 41. Ne6+ 1-0

[Event "Late-Titled-Tuesday-Blitz-June-18-2024"]
[Site "Chess.com"]
[Date "2024.06.18"]
[Round "9"]
[White "sammartin99"]
[Black "KamilaHryshchenko"]
[Result "1-0"]
[WhiteElo "2377"]
[BlackElo "2151"]
[TimeControl "180+1"]
[EndTime "15:44:55 PDT"]
[Termination "sammartin99 won on time"]

1. d4 g6 2. e4 Bg7 3. Nc3 d6 4. Bc4 c6 5. Nf3 Nd7 6. O-O Ngf6 7. e5 Nd5 8. exd6 Nxc3 9. bxc3 exd6 10. Re1+ Kf8 11.
Bf4 Nb6 12. Bb3 Bg4 13. h3 Bxf3 14. Qxf3 d5 15. a4 a5 16. Rab1 h6 17. Qg3 Nc8 18.
c4 dxc4 19. Bxc4 Qxd4 20. Bd3 Kg8 21. Rxb7 Ra7 22. Rb8 Kh7 23. h4 Re7 24. Reb1 Na7 25.
h5 Qf6 26. hxg6+ fxg6 27. Rxh8+ Bxh8 28. Rb8 Bg7 29. Rd8 Bf8 30. Rxf8 Qxf8 31. Qxg6+ Kh8 32. Bxh6 1-0

[Event "Late-Titled-Tuesday-Blitz-June-18-2024"]
[Site "Chess.com"]
[Date "2024.06.18"]
[Round "9"]
[White "cristiano78"]
[Black "AlphaPerseii"]
[Result "1-0"]
[WhiteElo "2247"]
[BlackElo "2390"]
[TimeControl "180+1"]
[EndTime "15:44:55 PDT"]
[Termination "cristiano78 won by resignation"]

1. d4 Nf6 2. c4 e6 3. Nf3 d5 4.
Nc3 a6 5. Bg5 dxc4 6. e4 b5 7.
e5 h6 8. Bh4 g5 9. exf6 gxh4 10. Ne5 Bb7 11. Nxf7 Qxf6 12. Ne5 h5 13. Be2 Qg5 14. Rg1 Bd6 15. Bf3 Bxe5 16. Bxb7 Ra7 17. Bf3 Bd6 18. Ne4 Bb4+ 19. Kf1 Qf5 20. a4 c6 21. axb5 cxb5 22. Bxh5+ Ke7 23. Bf3 Nc6 24. Nc3 Rc8 25. d5 Ne5 26. Be4 Qf4 27. g3 Qf6 28. f4 Bxc3 29. bxc3 Rd8 30. Qd4 Nc6 31. Qxf6+ Kxf6 32. dxc6 Rd2 33. Rg2 Rxg2 34. Kxg2 1-0

[Event "Late-Titled-Tuesday-Blitz-June-18-2024"]
[Site "Chess.com"]
[Date "2024.06.18"]
[Round "9"]
[White "legendisback1"]
[Black "Flawless_Fighter"]
[Result "1-0"]
[WhiteElo "3003"]
[BlackElo "2789"]
[TimeControl "180+1"]
[EndTime "15:44:57 PDT"]
[Termination "legendisback1 won by resignation"]

1. c4 e6 2. Nf3 d5 3. e3 Nf6 4. Nc3 c5 5. cxd5 exd5 6. d4 Nc6 7. Be2 c4 8. b3 Bb4 9. Bd2 Bxc3 10. Bxc3 b5 11.
O-O O-O 12. Ne5 Bb7 13. a4 a6 14. f3 Qd6 15. bxc4 bxc4 16. Rb1 Rfb8 17. Qd2 a5 18. Rb6 Qc7 19. Rfb1 Nb4 20. Rb5 Bc6 21. Nxc6 Nxc6 22.
Rxb8+ Rxb8 23. Rb5 h6 24. Bxa5 Nxa5 25. Qxa5 Qxa5 26. Rxa5 Rb1+ 27. Kf2 Ra1 28. Ra8+ Kh7 29. a5 Nd7 30. e4 dxe4 31. Bxc4 exf3 32. gxf3 Nb6 33.
Bd3+ g6 34. Ra7 Nd5 35. Rxf7+ Kg8 36. Rd7 Nf4 37. Bc4+ Kf8 38. Rf7+ 1-0

[Event "Late-Titled-Tuesday-Blitz-June-18-2024"]
[Site "Chess.com"]
[Date "2024.06.18"]
[Round "9"]
[White "marszach123"]
[Black "katharinareinecke"]
[Result "0-1"]
[WhiteElo "1925"]
[BlackElo "2050"]
[TimeControl "180+1"]
[EndTime "15:44:57 PDT"]
[Termination "katharinareinecke won on time"]

1. e4 c6 2. Nc3 d5 3. exd5 cxd5 4. d4 Nf6 5. Nf3 e6 6. Ne5 Nbd7 7. f4 Be7 8. Bd3 O-O 9. Qf3 g6 10. h4 Nxe5 11.
fxe5 Nh5 12. g3 a6 13. a4 Bd7 14. Bh6 Ng7 15. O-O-O b5 16. h5 Bg5+ 17. Bxg5 Qxg5+ 18. Kb1 Nxh5 19. axb5 axb5 20. Bxb5 Bxb5 21. Nxb5 Rfb8 22. Nd6 Ra7 23. Rh3 Rba8 24. c3 Ra1+ 25. Kc2 Rxd1 26. Qxd1 Ra6 27. Qf1 Ra7 28. Ne8 Qg4 29. Nf6+ Nxf6 30.
Qxf6 Qxh3 0-1